 Dungeon Crawl Stone Soup version 0.30-a0-737-gf23d94013f (webtiles) character file.

Game seed: 14565005942571669926

568 themarg the Firebug (level 7, 0/53 HPs)
             Began as a Mummy Cinder Acolyte on Feb 2, 2023.
             Was a High Priest of Ignis.
             Slain by Edmund
             ... wielding a +4 dire flail of draining
              (11 damage)
             ... on level 4 of the Dungeon.
             The game lasted 00:13:19 (6195 turns).

themarg the Firebug (Mummy Cinder Acolyte)          Turns: 6195, Time: 00:13:20

Health: 0/53       AC: 10    Str: 18    XL:     7   Next: 11%
Magic:  0/10       EV: 11    Int: 15    God:    Ignis [*****.]
Gold:   181        SH:  0    Dex:  7    Spells: 9/11 levels left

rFire   . . .      SeeInvis .    k - +1 short sword (flame)
rCold   + . .      Faith    +    (no shield)
rNeg    + + +      Spirit   +    b - +0 robe
rPois   ∞          Reflect  .    a - +0 helmet
rElec   .          Harm     .    (no cloak)
rCorr   .          Rampage  .    (no gloves)
Will    .....                    (no boots)
Stlth   ++                       i - amulet of guardian spirit
HPRegen 0.28/turn                (no ring)
MPRegen 0.12/turn                (no ring)

@: fiery-armoured
A: cold resistance 1, negative energy resistance 3, torment resistance 2, heat
vulnerability 1, in touch with death 1, no potions, faith
a: Renounce Religion, Fiery Armour, Foxfire Swarm, Rising Flame


You were on level 4 of the Dungeon.
You worshipped Ignis.
Ignis was extremely pleased with you.
You visited 2 branches of the dungeon, and saw 5 of its levels.

You collected 181 gold pieces.

Inventory:

Hand Weapons
 k - a +1 short sword of flaming (weapon)
 m - a +4 whip of venom
Missiles
 c - 39 stones (quivered)
 f - a boomerang of dispersal
 p - 3 poisoned darts
Armour
 a - a +0 helmet (worn)
 b - a +0 robe (worn)
 l - a +0 pair of gloves
Jewellery
 i - an amulet of guardian spirit (around neck)
Wands
 n - a wand of charming (6)
Scrolls
 d - a scroll of fog
 e - 2 scrolls of identify
 g - a scroll of teleportation
 h - a scroll of immolation
 j - a scroll of silence
 o - a scroll of vulnerability {unknown}


   Skills:
 + Level 3.8 Fighting
 - Level 2.4 Short Blades
 - Level 2.0 Stealth
 - Level 2.5 Spellcasting
 - Level 6.0 Fire Magic


You had 9 spell levels left.
You knew the following spells:

 Your Spells              Type           Power      Damage    Failure   Level
a - Scorch                Fire           38%        2d6       2%          2

Your spell library contained the following spells:

 Spells                   Type           Power      Damage    Failure   Level
 Sting                    Tmut/Pois      4%         1d3       22%         1
 Ensorcelled Hibernation  Hex/Ice        2%         N/A       32%         2
 Passwall                 Tmut/Erth      0%         N/A       32%         2
 Poisonous Vapours        Pois/Air       2%         N/A       32%         2
 Swiftness                Air            1%         N/A       54%         3
 Olgreb's Toxic Radiance  Pois           1%         N/A       91%         4
 Conjure Ball Lightning   Conj/Air       0%         3x3d6     100%        6
 Discord                  Hex            0%         N/A       100%        8
 Disjunction              Tloc           0%         N/A       100%        8


Dungeon Overview and Level Annotations

Branches:
Dungeon (4/15)             Temple (1/1) D:4

Altars:
Cheibriados
Dithmenos
Fedhas
Hepliaklqana
Kikubaaqudgha
Makhleb
Nemelex Xobeh
Okawaru
Qazlal
Ru
Sif Muna
Uskayaw
Vehumet
Wu Jian
Xom
Yredelemnul

Annotations:
D:4 Edmund


Innate Abilities, Weirdness & Mutations

You are immune to poison.
Your flesh is cold resistant. (rC+)
You are immune to negative energy. (rN+++)
You are immune to unholy pain and torment.
You are vulnerable to heat. (rF-)
You are in touch with the powers of death.
You do not drink.
You have a special connection with the divine. (Faith)


Message History

Edmund is heavily wounded.
You hit Edmund. You burn Edmund.
Edmund is heavily wounded.
Edmund hits you with a +4 dire flail of draining.
Edmund is burned terribly!
Edmund is burned by your cloak of flames.
Edmund is severely wounded.
You hit Edmund but do no damage.
Edmund is severely wounded.
Edmund hits you with a +4 dire flail of draining.
Edmund is burned by your cloak of flames.
Edmund is severely wounded.
You hit Edmund. You burn Edmund.
Edmund is almost dead.
Edmund hits you with a +4 dire flail of draining.
You hit Edmund but do no damage.
Edmund is almost dead.
Edmund closely misses you.
You closely miss Edmund.
Edmund is almost dead.
Edmund closely misses you.
You closely miss Edmund.
Edmund is almost dead.
Edmund closely misses you.
You hit Edmund. You burn Edmund.
Edmund is almost dead.
Edmund barely misses you.
You hit Edmund but do no damage.
Edmund is almost dead.
You hit Edmund but do no damage.
Edmund is almost dead.
Edmund hits you with a +4 dire flail of draining!
* * * LOW HITPOINT WARNING * * *
Edmund is burned terribly!
Edmund is burned by your cloak of flames.
Edmund is almost dead.
You hit Edmund but do no damage.
Edmund is almost dead.
Edmund hits you with a +4 dire flail of draining!
You die...

#.#######.# #.# #.# #.#
#.#
####.#######.############
........................#
.##............########.#
)###.#######.#.#
#.######### .# #.#
#.#.#### #.##....... .#
#.#######.#..@.#
#.##.###### )#
#.....{...####@# #.##.# #
## ###########
#.#####.##.# # #
#####....##.##.# #
................######
######.............{..
#.#.###.######### #.#.#
#.# #.#)# #.#


You could see Edmund (combustible).

Vanquished Creatures
  Eustachio (D:4)
  Menkaure (D:4)
  A hound (D:4)
  An orc priest (D:4)
  An iguana (D:4)
  2 orc wizards (D:4)
  Robin (D:2)
  4 adders
  4 dart slugs
  4 orcs
  8 bats
  4 endoplasms
  5 giant cockroaches
  20 goblins
  6 hobgoblins
  8 jackals
  4 quokkas
  11 ball pythons
  2 frilled lizards
  8 kobolds
  14 rats
110 creatures vanquished.

Vanquished Creatures (others)
  9 fungi (D:1)
  A plant (D:1)
10 creatures vanquished.

Grand Total: 120 creatures vanquished

Notes
Turn   | Place    | Note
-------+----------+-------------------------------------------
     0 | D:1      | themarg the Mummy Cinder Acolyte began the quest for the
                  | Orb.
     0 | D:1      | Reached XP level 1. HP: 18/18 MP: 2/2
   167 | D:1      | Reached XP level 2. HP: 24/24 MP: 4/4
   173 | D:1      | Learned a level 2 spell: Scorch
   221 | D:1      | Reached skill level 1 in Stealth
   938 | D:1      | Gained mutation: You are in touch with the powers of death.
                  | [Mummy growth]
   938 | D:1      | Reached XP level 3. HP: 29/29 MP: 3/6
  1180 | D:1      | Reached skill level 3 in Fire Magic
  1686 | D:1      | Found a faded altar of an unknown god.
  2360 | D:2      | Reached XP level 4. HP: 35/35 MP: 2/7
  2760 | D:2      | Noticed Robin
  2772 | D:2      | Killed Robin
  3651 | D:3      | Reached XP level 5. HP: 41/41 MP: 3/8
  3727 | D:3      | Reached skill level 4 in Fire Magic
  4851 | D:4      | Noticed Eustachio
  4999 | D:4      | Killed Eustachio
  5000 | D:4      | Reached skill level 5 in Fire Magic
  5000 | D:4      | Reached XP level 6. HP: 47/47 MP: 2/9
  5190 | D:4      | Noticed Menkaure
  5192 | D:4      | Killed Menkaure
  5294 | D:4      | Reached skill level 6 in Fire Magic
  5625 | D:4      | Noticed Edmund
  5808 | D:4      | Found a staircase to the Ecumenical Temple.
  5816 | Temple   | Entered the Ecumenical Temple
  5945 | D:4      | Reached XP level 7. HP: 48/52 MP: 5/10
  6195 | D:4      | Slain by Edmund

Illustrated notes

Levels and vault maps discovered:
D:1:      shiori_arrival_maze, layout_basic,
          shapermc_ecumenical_altar_hornbeckon, minmay_octomino_c4
D:2:      kennysheep_the_goblin_king, layout_loops_ring, uniq_robin
D:3:      layout_loops_cross, minmay_quantized
D:4:      layout_loops_ring, minmay_temple_entry_drinking_statues,
          uniq_menkaure, uniq_eustachio, uniq_edmund
Temple:   dpeg_three_leaves_temple

Skill      XL: |  1  2  3  4  5  6 |
---------------+-------------------+-----
Spellcasting   | 2 |  2.5
Stealth        | 1 2 |  2.0
Fire Magic     | 3 5 6 |  6.0
Fighting       | |  3.8
Short Blades   | |  2.4

Action                     |  1- 3 |  4- 6 |  7- 9 || total
---------------------------+-------+-------+-------++-------
  Melee: Short sword       |    97 |    38 |    16 ||   151
         Punch             |     2 |       |       ||     2
   Cast: Scorch            |    51 |    80 |    12 ||   143
 Invoke: Fiery Armour      |       |     2 |     1 ||     3
    Use: Scroll            |       |     7 |       ||     7
 Armour: Robe              |    26 |    22 |       ||    48
  Dodge: Dodged            |    80 |    38 |     8 ||   126

Table legend: (Time is in decaauts)
 A = Elapsed time spent in this place.
 B = Non-inter-level travel time spent in this place.
 C = Inter-level travel time spent in this place.
 D = Time resting spent in this place.
 E = Time spent auto-exploring this place.
 F = Levels seen in this place.
 G = Mean time per level.
                   A        B        C        D        E       F      G
               +--------+--------+--------+--------+--------+-----+--------+
         Total |   6187 |   6132 |     55 |   1234 |   3918 |   5 | 1237.4 |
       Dungeon |   6107 |   6066 |     41 |   1234 |   3860 |   4 | 1526.8 |
        Temple |     79 |     65 |     14 |      0 |     58 |   1 |   79.0 |
               +--------+--------+--------+--------+--------+-----+--------+

Top non-repeatable levels by time:
     D:1: 2205 daAuts
     D:2: 1429 daAuts
     D:3: 1393 daAuts
     D:4: 1078 daAuts
  Temple: 79 daAuts
